 Dungeon Crawl Stone Soup version 0.31-a0-564-g3b7de120b3 (webtiles) character file.

Game seed: 18279784459557413268

19 Arcadio the Caller (level 2, 0/15 HPs)
             Began as a Deep Elf Summoner on Aug 17, 2023.
             Slain by an endoplasm (2 damage)
             ... on level 1 of the Dungeon.
             The game lasted 00:01:19 (399 turns).

Arcadio the Caller (Deep Elf Summoner)               Turns: 399, Time: 00:01:20

Health: 0/15       AC:  2    Str:  5    XL:     2   Next: 55%
Magic:  5/8        EV: 13    Int: 19    God:
Gold:   24         SH:  0    Dex: 15    Spells: 7/8 levels left

rFire   . . .        e - +0 short sword
rCold   . . .        (no shield)
rNeg    . . .        a - +0 robe
rPois   .            (no helmet)
rElec   .            (no cloak)
rCorr   .            (no gloves)
SInv    .            (no boots)
Will    .....        (no amulet)
Stlth   ++           (no ring)
HPRegen 0.22/turn    (no ring)
MPRegen 0.11/turn

%: no passive effects
@: no status effects
A: no striking features
a: no special abilities


You were on level 1 of the Dungeon.
You visited 1 branch of the dungeon, and saw 1 of its levels.

You collected 24 gold pieces.

Inventory:

Hand Weapons
 e - a +0 short sword (weapon)
Armour
 a - a +0 robe (worn)
Scrolls
 c - a scroll of noise {unknown}
 d - a scroll of teleportation {unknown}
Potions
 b - a potion of magic


   Skills:
 + Level 3.0 Dodging
 - Level 2.4 Stealth
 + Level 3.5 Spellcasting
 + Level 4.6 Summonings


You had 7 spell levels left.
You knew the following spells:

 Your Spells              Type           Power      Damage    Failure   Level
a - Summon Small Mammal   Summ           84%        N/A       2%          1

Your spell library contained the following spells:

 Spells                   Type           Power      Damage    Failure   Level
 Call Imp                 Summ           42%        N/A       3%          2
 Call Canine Familiar     Summ           21%        N/A       6%          3
 Summon Guardian Golem    Hex/Summ       12%        N/A       17%         3
 Ensorcelled Hibernation  Hex/Ice        6%         N/A       22%         2
 Passwall                 Tmut/Erth      2%         N/A       22%         2
 Swiftness                Air            3%         N/A       41%         3
 Summon Lightning Spire   Summ/Air       12%        N/A       50%         4


Dungeon Overview and Level Annotations

Branches:
Dungeon (1/15) Zot: 5601

Altars:


Message History

Your rat dies!
Your rat's corpse disappears in a puff of smoke!
The goblin hits you but does no damage.
A rat comes into view.
The ball python closely misses you. The ball python barely misses you.
Casting: Summon Small Mammal (safe; 2% risk of failure)
Confirm with . or Enter, or press ? or * to list all spells.
The bat barely misses you. The ball python misses you.
The ball python closely misses you. The bat barely misses you.
The goblin completely misses you.
Your quokka closely misses the goblin.
You closely miss the bat. The bat hits you but does no damage.
Your bat misses the ball python. The bat barely misses your bat.
The ball python closely misses you. x2; The goblin hits you with a +0 club.
Your quokka misses the goblin. The endoplasm attacks as you move away!
The endoplasm hits you. The goblin attacks as you move away!
The goblin hits you but does no damage.
The ball python attacks as you move away!
The ball python bites you but does no damage.
The bat closely misses you.
Your bat misses the ball python.
Your quokka closely misses the goblin.
The ball python closely misses you. The ball python barely misses you.
Unknown command.
Casting: Summon Small Mammal (safe; 2% risk of failure)
Confirm with . or Enter, or press ? or * to list all spells.
Okay, then.
Casting: Summon Small Mammal (safe; 2% risk of failure)
Confirm with . or Enter, or press ? or * to list all spells.
Your quokka disappears in a puff of smoke!
Your bat barely misses the goblin.
The bat hits you. The endoplasm hits you. The goblin hits you with a +0 club.
The ball python barely misses you. The ball python grabs you.
The ball python constricts you.
Your bat barely misses the goblin.
You escape the ball python's grasp.
The bat closely misses you. The kobold barely misses your quokka.
Your quokka completely misses the ball python.
Your bat closely misses the kobold.
The goblin attacks as you move away! The goblin hits you with a +0 club.
* * * LOW HITPOINT WARNING * * *
The endoplasm attacks as you move away! The endoplasm hits you.
You die...

#.#.###....
#.#.#....#
#.#.....#
#.......###
#.r.b......
#rK.......
#.S.......
#Jg#...#..
#@.#...# #.b# ..#
#..###############
#.................
#..).......######.
##.#[......####
#.#............
#.#.......####.
#.#.......#


You could see an endoplasm, a goblin, a bat, a ball python (ally target), a
kobold, a rat, a friendly quokka (summoned) and a friendly bat (summoned).

Vanquished Creatures
  A jackal (D:1)
  A rat (D:1)
2 creatures vanquished.

Vanquished Creatures (collateral kills)
  A dart slug (D:1)
  An endoplasm (D:1)
  A giant cockroach (D:1)
  A goblin (D:1)
  5 jackals (D:1)
  A kobold (D:1)
  3 rats (D:1)
13 creatures vanquished.

Grand Total: 15 creatures vanquished

Notes
Turn   | Place    | Note
-------+----------+-------------------------------------------
     0 | D:1      | Arcadio the Deep Elf Summoner began the quest for the Orb.
     0 | D:1      | Reached XP level 1. HP: 10/10 MP: 6/6
   290 | D:1      | Reached XP level 2. HP: 15/15 MP: 5/8
   399 | D:1      | Slain by an endoplasm

Illustrated notes

Levels and vault maps discovered:
D:1:      erik_arrival_orb_chamber, layout_loops_ring,
          dreamdust_ecumenical_altar_drowned_temple

Skill      XL: |  1  2 |
---------------+-------+-----
Dodging        | 3 |  3.0
Stealth        | |  2.4
Spellcasting   | |  3.5
Summonings     | |  4.6

Action                     || total
---------------------------++-------
  Melee: Unarmed           ||     2
         Short sword       ||    11
   Cast: Summon Small Mamm ||    15
 Armour: Robe              ||     9
  Dodge: Dodged            ||    32

Table legend: (Time is in decaauts)
 A = Elapsed time spent in this place.
 B = Non-inter-level travel time spent in this place.
 C = Inter-level travel time spent in this place.
 D = Time resting spent in this place.
 E = Time spent auto-exploring this place.
 F = Levels seen in this place.
 G = Mean time per level.
                   A        B        C        D        E       F      G
               +--------+--------+--------+--------+--------+-----+--------+
         Total |    398 |    398 |      0 |    119 |    144 |   1 |  398.0 |
       Dungeon |    398 |    398 |      0 |    119 |    144 |   1 |  398.0 |
               +--------+--------+--------+--------+--------+-----+--------+

Top non-repeatable levels by time:
     D:1: 398 daAuts
